 Dungeon Crawl Stone Soup version 0.29.1-1-gd02db69 (webtiles) character file.

Game seed: 242937261961472514

41 Kel the Chopper (level 3, -4/23 HPs)
             Began as a Gargoyle Fighter on Nov 23, 2022.
             Slain by Crazy Yiuf
             ... wielding a +3 quarterstaff of chaos
              (8 damage)
             ... on level 2 of the Dungeon.
             The game lasted 00:02:34 (2008 turns).

Kel the Chopper (Gargoyle Fighter)                  Turns: 2008, Time: 00:02:34

Health: -4/23      AC: 13    Str: 21    XL:     3   Next: 52%
Magic:  0/3        EV:  7    Int:  8    God:
Gold:   185        SH:  4    Dex:  9    Spells: 2/2 levels left

rFire   . . .      SeeInvis .   a - +0 war axe
rCold   . . .      Faith    .   c - +0 buckler
rNeg    + . .      Spirit   .   i - +0 chain mail
rPois   ∞          Reflect  .   (no helmet)
rElec   +          Harm     .   (no cloak)
rCorr   .          Rampage  .   h - +0 pair of gloves
Will    .....                   (no boots)
Stlth   ..........              (no amulet)
HPRegen 0.07/turn               (no ring)
MPRegen 0.08/turn               (no ring)

@: no status effects
A: sickness immunity, AC +3, negative energy resistance 1, electricity
resistance, torment resistance 1, petrification resistance
a: no special abilities


You were on level 2 of the Dungeon.
You visited 1 branch of the dungeon, and saw 2 of its levels.

You collected 185 gold pieces.

Inventory:

Hand Weapons
 a - a +0 war axe (weapon)
Armour
 c - a +0 buckler (worn)
 h - a +0 pair of gloves (worn)
 i - a +0 chain mail (worn)
Wands
 n - a wand of polymorph (9)
Scrolls
 b - 3 scrolls of teleportation {unknown}
 k - 2 scrolls of enchant weapon {unknown}
 l - a scroll of brand weapon {unknown}
 q - a scroll of fog {unknown}
Potions
 d - a potion of might
 e - 2 potions of haste {unknown}
 f - 3 potions of curing {unknown}
 g - a potion of magic {unknown}
 j - a potion of invisibility {unknown}
 m - a potion of heal wounds {unknown}
 o - 2 potions of attraction {unknown}
 p - a potion of resistance {unknown}


   Skills:
 - Level 3.2 Fighting
 + Level 3.4 Axes
 - Level 3.2 Armour
 - Level 3.2 Shields


You had 2 spell levels left.
You didn't know any spells.
Your spell library contained the following spells:

 Spells                   Type           Power      Damage    Failure   Level
 Frozen Ramparts          Ice            0%         1d1       100%        3
 Ice Form                 Ice/Tmut       0%         N/A       100%        4
 Summon Ice Beast         Ice/Summ       0%         N/A       100%        4


Dungeon Overview and Level Annotations

Branches:
Dungeon (2/15)

Altars:

Annotations:
D:2 Crazy Yiuf


Innate Abilities, Weirdness & Mutations

You are immune to sickness and miasma.
Your stone body is resilient. (AC +3)
You are immune to poison.
You resist negative energy. (rN+)
You are resistant to electric shocks. (rElec)
You are resistant to unholy torment.
You are immune to petrification.


Message History

Found a viscous blue potion.
The endoplasm hits you but does no damage.
You hit the endoplasm.
The endoplasm is almost dead.
The endoplasm hits you but does no damage.
You slash the endoplasm!
You kill the endoplasm!
No target in view!
No target in view!
p - a viscous blue potion
There is a stone staircase leading up here.
Key pressed, stopping explore.
q - a scroll labelled DOOMIFOSINN
Found an escape hatch in the floor.
You see here a +0 spear.
There is a stone staircase leading up here.
You see here a +0 robe.
Found a hammer.
Found a runed translucent door.
There is a shaft here.
Crazy Yiuf shouts!
Crazy Yiuf screams, "Aardvark canine light!"
You open the door. You barely miss Crazy Yiuf.
Crazy Yiuf laughs, "Blight!"
Crazy Yiuf hits you with a +3 quarterstaff of chaos.
Crazy Yiuf burns you. Crazy Yiuf hits you but does no damage.
You completely miss Crazy Yiuf. Crazy Yiuf barely misses you.
You hit Crazy Yiuf.
Crazy Yiuf is moderately wounded.
Crazy Yiuf hits you with a +3 quarterstaff of chaos!
You feel your power leaking away.
You barely miss Crazy Yiuf.
Crazy Yiuf is moderately wounded.
Crazy Yiuf cries, "You leg down broken song, no?"
Crazy Yiuf hits you with a +3 quarterstaff of chaos.
* * * LOW HITPOINT WARNING * * *
Crazy Yiuf burns you.
* * * LOW HITPOINT WARNING * * *
Crazy Yiuf hits you with a +3 quarterstaff of chaos!
You die...

#....
#####.###
#...)....
#####
##.###.###
#)..#
###...##....
#...#
#...#...†###
...
###...#.....
#g#
#....###.###
#@##
#...####.# #
##.#
#.....##.# #
#.##
###.#.##.###
##^#
#.#.##....
##.##
#.#.#.....
##...#
##.#.#.####
#....#
##.#..#.# #
#....#
#.###...####
###....#####
##......


You could see Crazy Yiuf.

Vanquished Creatures
  A worm (D:2)
  6 dart slugs
  4 ball pythons
  2 endoplasms (D:2)
  3 goblins
  2 hobgoblins
  3 kobolds (D:1)
  A quokka (D:2)
  2 bats
  2 frilled lizards (D:1)
26 creatures vanquished.

Vanquished Creatures (others)
  A plant (D:1)
1 creature vanquished.

Grand Total: 27 creatures vanquished

Notes
Turn   | Place    | Note
-------+----------+-------------------------------------------
     0 | D:1      | Kel the Gargoyle Fighter began the quest for the Orb.
     0 | D:1      | Reached XP level 1. HP: 14/14 MP: 1/1
   136 | D:1      | Reached XP level 2. HP: 19/19 MP: 2/2
   983 | D:1      | Reached XP level 3. HP: 23/23 MP: 3/3
   996 | D:1      | Found a faded altar of an unknown god.
  2000 | D:2      | Found a runed translucent door.
  2001 | D:2      | Noticed Crazy Yiuf
  2008 | D:2      | Slain by Crazy Yiuf

Illustrated notes

Levels and vault maps discovered:
D:1:      heliophobic_arrival_ceremonial_halls, layout_basic,
          shapermc_ecumenical_altar_ellora, minmay_misc_feat_five
D:2:      layout_loops_ring, uniq_crazy_yiuf_cottage

Skill      XL: |  1  2 |
---------------+-------+-----
Axes           | 2 3 |  3.4
Fighting       | |  3.2
Armour         | |  3.2
Shields        | |  3.2

Action                   || total
-------------------------++-------
Melee: War axe           ||    83
Armor: Scale mail        ||    10
       Chain mail        ||    41
Dodge: Dodged            ||    23
Block: Buckler           ||    19
